wizbiz, neutral female human Wizard -------- |#.....| -------- ----- |....... |......| ....| |......| |......| # |...| -.-@----# |.|.....#########*%...| Pf##### .......|# ---|- # # ------.- # #############*########*##### ### # # # | # . # . # . # --- ---------.- |.........| ..........| |....<....| ----------- wizbiz the Conjurer Experience level: 3 Strength: 10 Dexterity: 10 Constitution: 11 Intelligence: 18 Wisdom: 17 Charisma: 10 Health: 0(22) Energy: 33(45) Def: 2 Gold: 223 Moves: 1434 Dungeon seed: jbtVFISAaUZlh2_A Game ID: wizbiz_1528587165 Your Inventory: Coins $ - 223 gold pieces Weapons a - a blessed +2 quarterstaff (weapon in hands) Armor e - an uncursed +1 cloak of magic resistance (being worn) z - an uncursed very corroded +0 orcish helm (being worn) Comestibles p - 5 uncursed food rations q - an uncursed fortune cookie Scrolls i - a blessed scroll of create monster H - an uncursed scroll of scare monster Spellbooks l - a blessed spellbook of force bolt m - an uncursed spellbook of slow monster v - an uncursed spellbook of clairvoyance w - an uncursed spellbook of wizard lock y - an uncursed spellbook of detect monsters Potions f - an uncursed potion of restore ability g - a blessed potion of monster detection h - an uncursed potion of fruit juice r - an uncursed potion of extra healing G - an uncursed potion of invisibility Rings c - an uncursed ring of fire resistance d - an uncursed +1 ring of increase accuracy s - an uncursed ring of levitation Wands b - a wand of teleportation (0:4) o - a wand of cold (0:5) Tools n - an uncursed blindfold Gems N - an uncursed worthless piece of white glass Spells and supernatural/magical abilities: Name Level Category Fail Memory a - force bolt 1 attack 0% 93% n - detect monsters 1 divination 0% 98% s - slow monster 2 enchantment 0% 93% v - clairvoyance 3 divination 92% 96% w - wizard lock 2 matter 67% 96% W - pray for help -- divine ? -- Your skills at the end: Fighting Skills Weapon Skills quarterstaff [Basic] Spellcasting Skills attack spells [Basic] enchantment spells [Basic] Final Attributes: You were piously aligned. You were magic-protected. You are dead. Vanquished creatures: a coyote 3 hobbits 3 giant rats a yellow mold a green mold 8 jackals 4 goblins 3 lichens a kobold zombie 2 newts 27 creatures vanquished. Voluntary challenges: You were an atheist. You used a wielded weapon 19 times, starting on turn 1. You read items or engraved 14 times, starting on turn 58. You never genocided any monsters. You never polymorphed an object. You never changed form. You used no wishes. You never split a pudding. You never wrote Elbereth's name. You never violated your personal moral code. Dungeon overview: The Dungeons of Doom: levels 1 to 4 Level 1 a fountain a long staircase Level 2 a general store, some fountains, a sink Level 3 stairs to The Gnomish Mines Level 4 <- You were here a sink The Gnomish Mines: Level 4 stairs to The Dungeons of Doom History has recorded: On T:1 you entered the Dungeons of Doom to retrieve the Amulet of Yendor! On T:295 you reached level 2 of The Dungeons of Doom. On T:296 you advanced to experience level 2. On T:467 you advanced to experience level 3. On T:572 you reached level 3 of The Dungeons of Doom. On T:1021 you reached level 4 of The Dungeons of Doom. On T:1072 you reached level 1 of The Gnomish Mines. Score breakdown: Gold: 223 ( 7994 points) Experience: 3 levels ( 7878 points) Exploration: 4 levels ( 8.33%) ( 7579 points) Discoveries: 15 items ( 5.23%) ( 6858 points) Valuables value: (no points given unless you survive) Artifact value: 0 ( 0 points) Variety of kills: 10 monsters ( 2.62%) ( 4860 points) Turncount: 1434 turns ( 0 points) Survival: died (score multiplied by 80%) Total score: 28135 Latest messages: This goblin corpse tastes terrible! The kitten drops an elven dagger. The kitten picks up an elven dagger. The kitten drops an elven dagger. You finish eating the goblin corpse. The kitten picks up an elven dagger. Klunk! The pipes vibrate noisily. (5x) A black ooze gushes up from the drain! The spell hits the black pudding! The spell hits the black pudding! The black pudding bites! Your orcish helm corrodes! You hit the black pudding. Your quarterstaff is not affected. You hit the black pudding! Your quarterstaff is not affected. The black pudding bites! Your orcish helm corrodes further! You die... Final status: Goodbye wizbiz the Wizard, killed by a black pudding... You died in The Dungeons of Doom on dungeon level 4 with 28135 points, and 223 pieces of gold, after 1434 moves. You were level 3 with a maximum of 22 hit points when you died.